 Dungeon Crawl Stone Soup version 0.31.0-11-ge490571c62 (webtiles) character file.

Game seed: 12712704411009593697

347 ces the Shooter (level 6, -2/30 HPs)
             Began as a Spriggan Hunter on Jan 30, 2024.
             Incinerated by a bombardier beetle (4 damage)
             ... with a burning spray
             ... on level 4 of the Dungeon.
             The game lasted 00:05:45 (4543 turns).

ces the Shooter (Spriggan Hunter)                   Turns: 4543, Time: 00:05:45

Health: -2/30      AC:  2    Str:  7    XL:     6   Next: 32%
Magic:  7/7        EV: 18    Int: 11    God:
Gold:   221        SH:  0    Dex: 20    Spells: 5/5 levels left

rFire   . . .        a - +0 shortbow
rCold   . . .        (shield currently unavailable)
rNeg    . . .        c - +0 robe
rPois   .            (helmet restricted)
rElec   .            (no cloak)
rCorr   .            (gloves unavailable)
SInv    +            (boots unavailable)
Will    ++...        (no amulet)
Stlth   +            (no ring)
HPRegen 0.25/turn    (no ring)
MPRegen 0.10/turn

%: no passive effects
@: mighty, on fire, on berserk cooldown, enlightened, flying, slowed, glowing,
quick
A: very small, no large weapons, unfitting armour, see invisible, speed 3
a: no special abilities


You were on level 4 of the Dungeon.
You visited 1 branch of the dungeon, and saw 4 of its levels.

You collected 221 gold pieces.

Inventory:

Hand Weapons
 a - a +0 shortbow (weapon)
Armour
 c - a +0 robe (worn)
Jewellery
 n - an amulet of faith
Wands
 r - a wand of polymorph (11)
 u - a wand of roots (2)
Scrolls
 g - a scroll of blinking {unknown}
 k - a scroll of noise {unknown}
 l - a scroll of brand weapon {unknown}
 m - a scroll of poison {unknown}
 o - a scroll of immolation
 s - a scroll of vulnerability {unknown}
 t - a scroll of enchant weapon {unknown}
Potions
 d - a potion of haste
 e - 4 potions of brilliance
 f - a potion of might
 q - a potion of resistance {unknown}


   Skills:
 - Level 1.5 Fighting
 + Level 7.7 Ranged Weapons
 - Level 2.6 Dodging
 - Level 1.5 Stealth


You had 5 spell levels left.
You didn't know any spells.
Your spell library contained the following spells:

 Spells                   Type           Power      Damage    Failure   Level
 Kiss of Death            Conj/Necr      0%         2d5       34%         1
 Confusing Touch          Hex            0%         N/A       71%         3
 Dazzling Flash           Conj/Hex       0%         N/A       71%         3
 Hailstorm                Conj/Ice       0%         3d5       71%         3
 Mephitic Cloud           Conj/Alch/Air  0%         N/A       71%         3
 Summon Ice Beast         Ice/Summ       0%         N/A       71%         3
 Dispel Undead            Necr           0%         3d6       98%         4
 Manifold Assault         Tloc           0%         N/A       98%         4
 Curse of Agony           Necr           0%         N/A       100%        5
 Silence                  Hex/Air        0%         N/A       100%        5
 Dispersal                Tloc           0%         N/A       100%        6
 Sculpt Simulacrum        Ice/Alch       0%         N/A       100%        6
 Disjunction              Tloc           0%         N/A       100%        8


Dungeon Overview and Level Annotations

Branches:
Dungeon (4/15)
 Temple: D:4-7

Altars:
Kikubaaqudgha
Qazlal
Ru
Sif Muna
Vehumet
Yredelemnul
Zin

Shops:
D:2 [

Annotations:
D:4 Dowan, Duvessa


Innate Abilities, Weirdness & Mutations

You are very small and have problems with some larger weapons.
You are too small for most types of armour.
You have supernaturally acute eyesight. (SInv)
You cover ground extremely quickly. (Speed+++)


Message History

The bombardier beetle sprays incendiary fluid at you.
The burning spray hits you.
You are even more covered in liquid fire!
It was a potion of enlightenment.
You feel very buoyant.
You fly up into the air.
The liquid fire burns you!
It was a potion of berserk rage.
A red film seems to cover your vision as you go berserk!
You feel yourself moving faster!
You feel mighty! The liquid fire burns you!
* * * LOW HITPOINT WARNING * * *
The bombardier beetle bites you.
* * * LOW HITPOINT WARNING * * *
You are too berserk!
You swap places.
You shake off some of the fire as you move.
You feel a strong urge to attack something.
The liquid fire burns you!
* * * LOW HITPOINT WARNING * * *
You swap places.
You shake off some of the fire as you move.
The liquid fire burns you!
* * * LOW HITPOINT WARNING * * *
You swap places.
You shake off some of the fire as you move.
You feel your anger nearly subside. The liquid fire burns you!
* * * LOW HITPOINT WARNING * * *
You are no longer berserk.
You are exhausted.
You feel yourself slow down.
The bombardier beetle barely misses your butterfly.
You swap places.
You shake off some of the fire as you move.
The liquid fire burns you!
* * * LOW HITPOINT WARNING * * *
You shake off some of the fire as you move.
The liquid fire burns you!
You die...

#..#.#
#..).#
##.###
#.# #.#
#.# #.#
#.# #@#
#.# #b#
#b#####


#bbbbb# ##b8#8b# #Bb#b#b# ...bbbbb8#8bb. ######bbbbbb### You could see a
bombardier beetle (ally target).

Vanquished Creatures
  Jessica (D:3)
  An iguana (D:4)
  8 orc wizards
  2 adders
  2 dart slugs
  A ribbon worm (D:2)
  6 orcs
  5 endoplasms
  A giant cockroach (D:2)
  9 goblins
  6 hobgoblins
  5 kobolds
  2 quokkas
  9 ball pythons
  7 bats
  2 frilled lizards
  5 rats
72 creatures vanquished.

Notes
Turn   | Place    | Note
-------+----------+-------------------------------------------
     0 | D:1      | ces the Spriggan Hunter began the quest for the Orb.
     0 | D:1      | Reached XP level 1. HP: 10/10 MP: 2/2
   200 | D:1      | Reached XP level 2. HP: 14/14 MP: 3/3
   932 | D:2      | Reached skill level 5 in Ranged Weapons
   940 | D:2      | Reached XP level 3. HP: 18/18 MP: 4/4
  1287 | D:2      | Identified the +5 dagger "Ofison" {freeze, Dex+4}
  1447 | D:2      | Found Zaich's Antique Armour Shoppe.
  1463 | D:3      | Found a glowing silver altar of Zin.
  1523 | D:3      | Reached XP level 4. HP: 22/22 MP: 5/5
  1763 | D:3      | Noticed Jessica
  1765 | D:3      | Killed Jessica
  1766 | D:3      | Reached skill level 6 in Ranged Weapons
  2038 | D:3      | Found a basalt altar of Yredelemnul.
  2044 | D:3      | Found a stormy altar of Qazlal.
  2941 | D:4      | Reached XP level 5. HP: 9/25 MP: 6/6
  3184 | D:4      | Found a sacrificial altar of Ru.
  3357 | D:4      | Noticed Duvessa
  3357 | D:4      | Noticed Dowan
  3452 | D:3      | Reached skill level 7 in Ranged Weapons
  3953 | D:3      | Reached XP level 6. HP: 20/30 MP: 7/7
  4134 | D:3      | Found an ancient bone altar of Kikubaaqudgha.
  4142 | D:3      | Got Kikubaaqudgha's Treatise on Shades
  4147 | D:3      | Found a radiant altar of Vehumet.
  4155 | D:3      | Found a shimmering blue altar of Sif Muna.
  4534 | D:4      | HP: 1/30 [burnt (4)]
  4543 | D:4      | Incinerated by a bombardier beetle

Illustrated notes

Levels and vault maps discovered:
D:1:      psy_arrival_spokes, layout_basic, serial_corexii_hall,
          chequers_hall_statues_wall_a, corexii_hall_statues_l
D:2:      layout_loops_cross, serial_shops, shop, dk_noncrumbling_4
D:3:      layout_loops_cross, palyth_temple_overflow_mages,
          mainiacjoe_overflow_catwalk, jmf_multi_god_temple2,
          kennysheep_generic_room_6, uniq_jessica
D:4:      layout_basic, nicolae_ru_great_annihilating_truth,
          minmay_statues_item, uniq_crazy_yiuf_cottage, uniq_duvessa

Skill      XL: |  1  2  3  4  5 |
---------------+----------------+-----
Ranged Weapons | 5 6 7 |  7.7
Fighting       | |  1.5
Dodging        | |  2.6
Stealth        | |  1.5

Action                     |  1- 3 |  4- 6 || total
---------------------------+-------+-------++-------
   Fire: Shortbow          |   101 |   158 ||   259
  Evoke: Wand              |       |     3 ||     3
    Use: Scroll            |       |     4 ||     4
         Potion            |       |     7 ||     7
 Armour: Robe              |     7 |    35 ||    42
  Dodge: Dodged            |    16 |    49 ||    65
